Map: Magannatha LE

Players

STZsOs (sOs) - Winner!

  • Race: Protoss Protoss
  • Spawn Location: 5:00

Shino

  • Race: Zerg Zerg
  • Spawn Location: 11:00

Event: HomeStory Cup XXVII

VOD

Have the link to the VOD?

Description

Time

  • Played on: June 28, 2025, 12:05 p.m.
  • Length: 14:56

All games in this series

Show
View Real Time Build Order
Export as new Build Order

STZsOs Protoss - Winner!

Build Orders: 1 Gate Expand, Oracle Opening 

Get SALT Encoding   

  12  0:00  Probe  
  13  0:12  Probe  
  14  0:21  Pylon  
  14  0:24  Probe  
  15  0:35  Probe  
  16  0:43  Probe  
  16  0:44  Gateway  
  16  0:49  Assimilator  
  17  0:53  Probe  
  18  1:05  Probe  
  19  1:17  Probe  
  20  1:26  Nexus  
  20  1:37  Cybernetics Core  
  20  1:42  Probe  
  20  1:46  Assimilator  
  21  1:54  Probe  
  22  1:55  Pylon  
  22  2:04  Adept  
  22  2:06  Probe  
  25  2:18  Stargate, Probe  
  26  2:30  Probe  
  26  2:33  Adept  
  26  2:34  Probe  
  29  2:42  Probe x2  
  32  2:52  Probe  
  32  2:54  Probe  
  34  2:59  Void Ray  
  38  3:07  Probe  
  41  3:19  Probe x2  
  43  3:22  Pylon  
  43  3:34  Pylon  
  43  3:42  Oracle  
  43  3:43  Pylon  
  41  3:50  Pylon  
  43  4:06  Probe x2  
  43  4:09  Pylon  
  36  4:14  Shield Battery  
  31  4:19  Oracle  
  31  4:22  Probe  
  35  4:28  Probe  
  35  4:35  Pylon  
  35  4:41  Warp Gate  
  35  4:45  Probe x2  
  35  4:56  Oracle  
  35  4:57  Probe  
  38  5:11  Probe x2  
  39  5:22  Probe  
  39  5:23  Adept  
  39  5:25  Pylon  
  39  5:27  Pylon  
  40  5:28  Probe  
  40  5:31  Probe  
  42  5:36  Probe  
  42  5:39  Probe  
  44  5:50  Probe x2  
  46  6:03  Probe x2  
  48  6:09  Pylon  
  48  6:13  Oracle  
  48  6:16  Pylon, Probe x2  
  53  6:30  Nexus  
  53  6:31  Pylon  
  53  6:33  Adept  
  55  6:42  Probe x2  
  57  6:53  Gateway  
  57  6:54  Probe x2  
  57  6:55  Gateway  
  57  6:56  Adept  
  61  7:02  Probe x2  
  61  7:04  Shield Battery  
  61  7:08  Twilight Council  
  63  7:10  Probe x2  
  65  7:22  Probe x2  
  67  7:39  Probe x2, Charge  
  69  7:49  Probe  
  65  7:51  Probe x2  
  65  7:52  Forge  
  65  7:54  Gateway  
  65  7:56  Gateway, Assimilator  
  65  7:58  Assimilator  
  68  7:59  Adept x2  
  68  8:01  Sentry  
  68  8:03  Probe x2  
  76  8:11  Probe  
  77  8:15  Probe x2  
  77  8:17  Protoss Ground Weapons Level 1  
  78  8:23  Probe  
  79  8:27  Probe  
  79  8:28  Probe  
  79  8:31  Robotics Facility, Zealot x3  
  79  8:32  Pylon  
  87  8:35  Probe  
  88  8:50  Adept  
  88  8:51  Adept  
  88  8:54  Probe  
  93  8:56  Assimilator x2  
  93  8:59  Gateway  
  93  9:00  Zealot x3  
  99  9:03  Gateway  
  99  9:15  Zealot  
  101  9:20  Immortal, Pylon  
  101  9:21  Pylon  
  97  9:26  Zealot  
  97  9:27  Zealot x2  
  101  9:32  Pylon  
  101  9:34  Templar Archives  
  101  9:43  Probe  
  101  9:44  Zealot x2  
  106  9:53  Warp Prism, Zealot x3  
  106  9:58  Zealot x2  
  116  10:00  Probe  
  116  10:01  Protoss Ground Armor Level 1  
  113  10:11  Zealot x2  
  113  10:13  Probe  
  117  10:16  Pylon  
  117  10:22  High Templar x3  
  117  10:23  High Templar  
  117  10:27  Archon  
  117  10:28  Archon  
  125  10:31  Immortal  
  125  10:32  Pylon  
  125  10:34  Pylon  
  125  10:35  Psionic Storm  
  127  10:36  Pylon, High Templar x2  
  127  10:41  Photon Cannon  
  131  10:43  Probe x2  
  131  10:44  Pylon  
  133  10:50  Probe  
  134  11:00  Blink  
  134  11:03  High Templar  
  136  11:04  Immortal, Photon Cannon  
  136  11:06  Photon Cannon  
  140  11:22  Zealot x2  
  140  11:23  Zealot x4  
  152  11:32  Nexus  
  152  11:37  High Templar  
  152  11:38  Pylon  
  154  11:43  Observer  
  154  11:44  Photon Cannon  
  155  12:00  Protoss Ground Weapons Level 2  
  155  12:02  High Templar x2  
  155  12:03  High Templar x2, Photon Cannon  
  155  12:04  Shield Battery, High Templar x2  
  155  12:08  Archon x2  
  167  12:09  Archon  
  167  12:13  Gateway  
  167  12:14  Gateway  
  164  12:18  Immortal  
  164  12:20  Probe  
  151  12:25  Photon Cannon  
  154  12:32  Probe, High Templar  
  154  12:35  High Templar  
  159  12:42  Archon  
  159  12:44  Probe x3  
  159  12:48  Probe  
  159  12:49  Immortal  
  159  12:50  High Templar x2  
  167  12:56  Probe x2  
  167  12:57  Archon  
  173  13:12  High Templar x2  
  175  13:13  Zealot x5  
  175  13:14  Probe  
  175  13:15  Pylon  
  175  13:17  Archon  
  175  13:19  Assimilator  
  184  13:20  Photon Cannon  
  184  13:22  Shield Battery  
  184  13:23  Assimilator  
  184  13:25  Pylon  
  182  13:35  Robotics Facility, Zealot x4  
  182  13:37  Robotics Facility  
  190  13:41  Probe  
  190  13:44  Probe  
  189  13:54  Fleet Beacon  
  189  13:55  High Templar  
  191  14:02  Photon Cannon  
  139  14:31  Zealot x3  
  139  14:32  Zealot x6  
  139  14:34  Archon  
Show
View Real Time Build Order
Export as new Build Order

Shino Zerg 

Build Orders: Hatch First 

Get SALT Encoding   

  12  0:00  Drone  
  13  0:12  Overlord  
  13  0:16  Drone  
  14  0:30  Drone x2  
  16  0:46  Hatchery  
  16  0:49  Drone  
  16  0:54  Drone  
  16  0:57  Drone  
  18  1:09  Extractor  
  17  1:12  Spawning Pool  
  17  1:16  Drone  
  17  1:20  Drone  
  18  1:27  Drone  
  19  1:38  Drone  
  20  1:50  Overlord  
  20  1:59  Queen x2  
  20  2:01  Zergling x2  
  25  2:02  Zergling x2  
  26  2:13  Metabolic Boost  
  26  2:16  Zergling x4  
  26  2:21  Zergling x2  
  26  2:22  Zergling x2  
  30  2:31  Zergling x2  
  31  2:41  Hatchery  
  30  2:45  Zergling x2  
  31  2:52  Zergling x6  
  34  2:59  Zergling x2  
  34  3:02  Overlord  
  35  3:09  Zergling x2  
  35  3:16  Zergling x2  
  35  3:17  Overlord  
  36  3:22  Zergling x2  
  36  3:23  Zergling x2  
  39  3:27  Zergling x6  
  41  3:36  Overlord  
  41  3:40  Zergling x4  
  39  3:50  Zergling x2  
  39  3:51  Zergling x2  
  35  4:03  Zergling x6  
  35  4:06  Zergling x2  
  35  4:07  Zergling x8  
  39  4:13  Zergling x2  
  39  4:14  Zergling x2  
  38  4:19  Zergling x4  
  38  4:23  Zergling x4  
  40  4:26  Zergling x2  
  38  4:32  Zergling x2  
  38  4:34  Zergling x4  
  40  4:40  Zergling x2  
  38  4:48  Zergling x6  
  38  4:54  Drone  
  38  4:55  Drone  
  38  4:56  Drone  
  38  5:01  Zergling x4  
  35  5:09  Drone x2  
  35  5:13  Drone  
  36  5:18  Drone x3  
  37  5:23  Drone  
  37  5:26  Drone x2  
  40  5:33  Spore Crawler  
  40  5:34  Spore Crawler  
  38  5:36  Spore Crawler  
  38  5:42  Drone x2  
  39  5:49  Drone, Evolution Chamber  
  39  5:52  Drone x2  
  39  5:53  Drone  
  39  5:56  Drone  
  43  5:59  Drone  
  43  6:03  Drone  
  44  6:07  Drone x3  
  48  6:12  Queen  
  48  6:16  Overlord  
  50  6:24  Drone  
  49  6:26  Drone  
  49  6:28  Drone  
  50  6:33  Overlord x2  
  50  6:34  Queen  
  50  6:37  Evolution Chamber  
  51  6:41  Drone x3  
  55  6:47  Drone x2  
  55  6:52  Queen  
  58  6:54  Drone x2  
  58  6:56  Drone  
  58  6:58  Drone x2  
  58  6:59  Drone  
  58  7:00  Drone  
  65  7:04  Overlord  
  65  7:06  Zergling x6  
  67  7:10  Drone x3  
  67  7:11  Drone  
  71  7:19  Zergling x4, Extractor  
  72  7:29  Zergling x10  
  67  7:38  Drone x5  
  67  7:39  Zerg Melee Weapons Level 1  
  67  7:43  Drone  
  70  7:48  Drone x2  
  70  7:51  Drone x3  
  73  7:53  Extractor  
  73  7:55  Drone, Extractor  
  73  7:56  Drone, Lair  
  73  7:57  Roach Warren  
  73  7:58  Drone  
  73  8:01  Hatchery  
  72  8:06  Drone  
  72  8:07  Queen  
  77  8:12  Drone x2  
  77  8:18  Drone x3  
  79  8:25  Zergling x4  
  79  8:26  Overlord x3  
  81  8:29  Extractor  
  81  8:33  Overlord  
  80  8:36  Drone  
  80  8:38  Overlord  
  80  8:43  Drone x3  
  80  8:44  Overlord  
  82  8:57  Zergling x18  
  91  9:04  Hatchery  
  89  9:18  Zergling x16  
  88  9:28  Overlord  
  88  9:31  Overlord  
  84  9:34  Hydralisk Den  
  84  9:35  Glial Reconstitution  
  84  9:36  Zerg Melee Weapons Level 2  
  78  9:42  Roach x9  
  96  9:48  Baneling Nest  
  96  9:49  Extractor  
  87  10:02  Roach  
  87  10:03  Roach x4  
  94  10:09  Roach  
  94  10:10  Roach x8  
  109  10:17  Zergling x2  
  109  10:20  Overlord  
  108  10:23  Muscular Augments  
  108  10:27  Drone x3  
  108  10:28  Drone x2  
  112  10:32  Zergling x2  
  112  10:33  Zergling x4  
  115  10:35  Zergling x2  
  115  10:36  Zergling x4  
  115  10:38  Centrifugal Hooks  
  118  10:43  Drone x2  
  118  10:48  Hydralisk x3  
  126  10:57  Hydralisk x3  
  132  11:06  Hydralisk x2  
  132  11:07  Hydralisk  
  138  11:16  Overlord x3  
  137  11:25  Overlord  
  137  11:27  Hatchery, Grooved Spines  
  137  11:29  Overlord x2  
  134  11:39  Zergling x2  
  142  11:40  Zergling x20  
  145  11:47  Zergling x8  
  145  11:52  Zerg Missile Weapons Level 1  
  149  11:58  Zergling x4  
  149  11:59  Zergling x2  
  149  12:00  Baneling x6  
  149  12:08  Drone x10  
  159  12:20  Hydralisk, Overlord  
  159  12:21  Hydralisk x2  
  162  12:26  Infestation Pit  
  162  12:29  Overlord  
  161  12:30  Overlord  
  161  12:40  Hydralisk  
  161  12:41  Hydralisk x6  
  174  12:48  Drone x4  
  174  12:49  Drone  
  179  12:52  Overseer x2  
  179  12:53  Pneumatized Carapace  
  179  12:54  Drone  
  179  13:03  Overlord  
  178  13:06  Baneling x15  
  178  13:07  Baneling x3  
  178  13:13  Baneling x10  
  178  13:16  Zergling x6  
  179  13:29  Zergling x24  
  179  13:34  Zergling x10  
  176  13:45  Hydralisk x5  
  176  13:46  Hydralisk  
  176  13:53  Hatchery  
  176  13:54  Hatchery  
  167  14:01  Hydralisk x2  
  169  14:10  Zergling x2  
  169  14:11  Zergling x18  
  176  14:23  Zergling x14  
Tags
 
Add a new tag
Caveats
  • Supply blocks, unpowered buildings, or Contaminate may cause inaccurate times.
  • Supply counts are checked every 10 seconds.